 Dungeon Crawl Stone Soup version 0.25.1-8-g42b30a86e7 (webtiles) character file.

Game seed: 4138839229020109717

95736 Clowwww the Severer (level 15, 0/100 HPs)
             Began as a Demonspawn Berserker on Dec 11, 2020.
             Was the Champion of Trog.
             Slain by a tentacled monstrosity (9 damage)
             ... on level 2 of the Abyss.
             The game lasted 01:38:59 (25979 turns).

Clowwww the Severer (Demonspawn Berserker)         Turns: 25979, Time: 01:38:59

Health: 0/100      AC: 19    Str: 23    XL:     15   Next: 67%
Magic:  5/5        EV: 15    Int: 10    God:    Trog [******]
Gold:   1444       SH: 12    Dex: 12    Spells: 14/14 levels left

rFire    + . .     SeeInvis .   H - +8 broad axe (antimagic)
rCold    x . .     Gourm    .   g - +0 kite shield
rNeg     . . .     Faith    +   j - +5 acid dragon scales
rPois    +         Spirit   .   x - +0 helmet
rElec    .         Reflect  .   A - +0 cloak
rCorr    +         Harm     .   h - +2 pair of gloves
MR       +++..                  s - +0 pair of boots
Stlth    ++........             O - amulet of faith
HPRegen  1.26/turn              t - ring of fire
MPRegen  0.09/turn              D - ring of poison resistance

@: berserk cooldown, very slightly contaminated, regenerating, hasted,
constricted, studying 2 skills, very quick
A: claws 2, thin metallic scales 2, [deformed body], [frail 2], foul stench 2,
powered by death 2, rot immunity
a: Berserk, Trog's Hand, Brothers in Arms, Renounce Religion


You were on level 2 of the Abyss.
You worshipped Trog.
Trog was exalted by your worship.
You were very hungry.

You visited 3 branches of the dungeon, and saw 23 of its levels.
You visited the Abyss 1 time.

You collected 1598 gold pieces.
You spent 154 gold pieces at shops.

Inventory:

Hand Weapons
 H - a +8 antimagic broad axe (weapon)
 Q - the +7 quick blade of Infinity {vorpal, Str+4}
   (Trog gifted it to you on level 1 of the Snake Pit)

   It inflicts extra damage upon your enemies.
   It affects your strength (+4).
Missiles
 q - 4 throwing nets
 w - 3 boomerangs (quivered)
Armour
 g - a +0 kite shield (worn)
 h - a +2 pair of gloves (worn)
 j - +5 acid dragon scales (worn)
 s - a +0 pair of boots (worn)
 x - a +0 helmet (worn)
 A - a +0 cloak (worn)
 K - the +2 hat of Winter {*Corrode rPois rC+}
   (You found it on level 14 of the Dungeon)

   It protects you from cold.
   It protects you from poison.
   It may corrode you when you take damage.
Jewellery
 n - an uncursed ring of protection from magic
 t - a ring of fire (left hand)
 D - a ring of poison resistance (right hand)
 G - a +4 ring of protection
 I - an uncursed amulet of the acrobat
 O - an amulet of faith (around neck)
 P - an uncursed ring of see invisible
Wands
 b - a wand of enslavement (7)
 f - a wand of acid (5)
 l - a wand of flame (41)
 r - a wand of polymorph (26)
 J - a wand of paralysis (10)
 M - a wand of random effects (17)
Scrolls
 d - 3 scrolls of fog
 e - 2 scrolls of fear
 u - a scroll of blinking
 z - 9 scrolls of teleportation
 C - 6 scrolls of remove curse
 E - 3 scrolls of brand weapon
 F - 3 scrolls of magic mapping
 N - a scroll of enchant armour
Potions
 i - 11 potions of curing
 k - a potion of haste
 m - a potion of cancellation
 o - a potion of resistance
 p - a potion of might
 v - 2 potions of invisibility
 B - 2 potions of flight
 L - 2 potions of stabbing
Books
 a - a manual of Fighting
 y - a manual of Dodging
Comestibles
 c - 37 rations


   Skills:
 + Level 13.9 Fighting
 + Level 16.5 Axes
 + Level 2.9 Throwing
 + Level 6.2 Armour
 + Level 12.7 Dodging
 + Level 3.6 Stealth
 + Level 10.7 Shields
 + Level 1.6 Evocations


You had 14 spell levels left.
You didn't know any spells.
Your spell library was empty.

Dungeon Overview and Level Annotations

Branches:
Dungeon (15/15)            Temple (0/1) D:5            Lair (6/6) D:9
 Shoals (0/4) Lair:2        Snake (2/4) Lair:4        Slime (0/5) Lair:6
    Orc (0/2) D:9          Vaults (0/5) D:13         Depths (0/5) D:15

Altars:
Ashenzari
Cheibriados
Dithmenos
Fedhas
Gozag
Hepliaklqana
Kikubaaqudgha
Ru
Trog
Xom

Shops:
D:4 !   D:7 (   D:14 %   D:15 :(   Snake:1 }%[

Annotations:
Snake:2 1 transporter, DildoBatman's ghost, adept FoWz
Abyss:2 1 transporter


Innate Abilities, Weirdness & Mutations

You have very sharp fingernails.
You are mostly covered in thin metallic scales. (AC +3)
You frequently emit foul miasma when damaged in melee.
You regenerate health from kills.
You are immune to rotting.
[Armour fits poorly on your strangely shaped body.]
[You are very frail. (-20% HP)]


Message History

The tentacled monstrosity tentacle-slaps your cyclops but does no damage.
The tentacled monstrosity tentacle-slaps your cyclops!
The tentacled monstrosity completely misses your cyclops.
The tentacled monstrosity constricts your cyclops!
Your cyclops hits the tentacled monstrosity!
The tentacled monstrosity tentacle-slaps your cyclops!!
The tentacled monstrosity tentacle-slaps your cyclops.
The tentacled monstrosity tentacle-slaps your cyclops!
The tentacled monstrosity constricts your cyclops.
Your cyclops dies!
Your cyclops's corpse disappears in a puff of smoke!
You slice the tentacled monstrosity!!
The tentacled monstrosity is severely wounded.
You feel yourself speed up.
The tentacled monstrosity tentacle-slaps you.
* * * LOW HITPOINT WARNING * * *
You block the tentacled monstrosity's attack.
The tentacled monstrosity tentacle-slaps you but does no damage.
The tentacled monstrosity grabs you.
You die...

### ..#
##.# #@##
#..#X#
####x# #
#.#.#
####.##.#
#.#..
..## # #
#.##.##
.. # #
##. #
..## ## X
#.. ..#
#..##
#.X.


You could see a tentacled monstrosity and a small abomination.

Vanquished Creatures
  Rupert (Snake:1)
  Kirke (D:14)
  A fire giant (D:14)
  An ettin (D:14)
  Josephine (D:14)
  5 naga warriors (Snake:1)
  2 catoblepae (Lair:5)
  Harold (Lair:1)
  2 centaur warriors
  4 two-headed ogres
  Erica (D:10)
  3 anacondas (Snake:1)
  A tengu warrior (D:15)
  6 death yaks (Lair:5)
  An ogre mage (D:14)
  2 naga sharpshooters (Snake:1)
  2 shock serpents (Snake:1)
  6 skeletal warriors (D:15)
  A salamander mystic (Snake:1)
  3 unseen horrors
  2 wizards
  A deep troll (shapeshifter) (Abyss:2)
  A naga ritualist (Snake:1)
  Pikel (D:7)
  A lindwurm (Lair:6)
  A mana viper (Snake:1)
  A deep elf archer (D:14)
  A necromancer (D:9)
  2 deep elf magi
  2 oklob plants (Lair:1)
  A manticore (D:9)
  A moth of wrath (Snake:2)
  7 cyclopes
  9 ugly things
  5 salamanders
  A centaur zombie (D:12)
  3 elephants (Lair:5)
  A guardian serpent (Snake:1)
  11 black mambas
  4 naga magi
  A gargoyle (D:15)
  A redback zombie (D:15)
  8 spiny frogs
  5 komodo dragons
  Maggie (D:7)
  An efreet (D:15)
  A yaktaur (shapeshifter) (D:13)
  A tengu conjurer (D:15)
  5 polar bears (Lair:6)
  4 trolls
  7 hornets
  Grinder (D:4)
  4 blink frogs (Lair:5)
  9 hippogriffs
  A dream sheep (Lair:6)
  A snapping turtle (Lair:2)
  A spriggan (shapeshifter) (D:13)
  13 spriggans (Lair:6)
  A vampire (D:9)
  Sigmund (D:6)
  A hog (shapeshifter) (D:13)
  6 wraiths
  61 yaks
  3 wyverns
  5 hogs (D:14)
  A human (D:14)
  4 basilisks
  8 vampire mosquitoes
  Edmund (D:6)
  2 acid dragons (D:14)
  18 nagas
  A soldier ant (D:13)
  Duvessa (D:4)
  9 water moccasins
  3 orc warriors
  4 porcupines
  2 ice beasts
  2 phantoms
  2 sky beasts
  5 black bears
  3 boggarts (Lair:6)
  2 eyes of draining
  24 wolves
  4 ogres
  19 centaurs
  12 crocodiles
  Blork the orc (D:4)
  23 bullfrogs
  A wyvern zombie (D:11)
  2 wyvern skeletons
  8 scorpions
  Dowan (D:4)
  18 killer bees
  12 wights
  6 electric eels
  3 howler monkeys
  A quasit (D:9)
  6 crimson imps
  A bullfrog zombie (D:10)
  3 bullfrog skeletons
  A gnoll shaman (D:7)
  2 hounds
  3 jellies
  6 orc priests
  Crazy Yiuf (D:4)
  5 centaur skeletons
  8 iguanas
  10 orc wizards
  8 worker ants
  3 polar bear simulacra (D:9)
  4 yak simulacra (D:9)
  3 wolf simulacra (D:9)
  A hound zombie (D:11)
  19 gnolls
  15 adders
  6 shadow imps
  An adder zombie (D:5)
  An adder skeleton (D:5)
  3 worms
  4 dart slugs
  4 leopard geckos
  46 orcs
  7 bats
  5 giant cockroaches
  11 goblins
  7 hobgoblins
  25 jackals
  6 quokkas
  A ball python (D:1)
  4 frilled lizards
  A jackal skeleton (D:6)
  2 kobolds (D:1)
  11 rats
  A river rat simulacrum (D:9)
  6 fungi
  A lurking horror (Abyss:2)
  4 plants
703 creatures vanquished.

Vanquished Creatures (collateral kills)
  An emperor scorpion (D:15)
  A dire elephant (D:15)
  A great orb of eyes (D:15)
  A bullfrog (D:15)
4 creatures vanquished.

Vanquished Creatures (others)
  A salamander (Snake:2)
  A hound (D:7)
  4 fungi
  3 plants
  2 starspawn tentacles (Abyss:2)
11 creatures vanquished.

Grand Total: 718 creatures vanquished

Notes
Turn   | Place    | Note
-------+----------+-------------------------------------------
     0 | D:1      | Clowwww the Demonspawn Berserker began the quest for the
                  | Orb.
     0 | D:1      | Reached XP level 1. HP: 18/18 MP: 1/1
   223 | D:1      | Reached skill level 3 in Axes
   244 | D:1      | Gained mutation: You regenerate a little health from kills.
                  | [demonic ancestry]
   244 | D:1      | Reached XP level 2. HP: 24/24 MP: 2/2
  1386 | D:2      | Reached XP level 3. HP: 12/29 MP: 3/3
  1750 | D:2      | Reached skill level 1 in Shields
  1760 | D:2      | Gained mutation: You are partially covered in thin metallic
                  | scales. (AC +2) [demonic ancestry]
  1760 | D:2      | Reached XP level 4. HP: 15/35 MP: 4/4
  1880 | D:2      | Reached ** piety under Trog
  2313 | D:2      | Gained mutation: You regenerate health from kills. [demonic
                  | ancestry]
  2313 | D:2      | Reached XP level 5. HP: 37/41 MP: 5/5
  3063 | D:3      | Reached skill level 4 in Axes
  3133 | D:3      | Reached *** piety under Trog
  3223 | D:3      | Found a snail-covered altar of Cheibriados.
  3275 | D:3      | Reached XP level 6. HP: 48/48 MP: 6/6
  3324 | D:3      | Reached skill level 1 in Stealth
  4380 | D:4      | Noticed Duvessa
  4380 | D:4      | Noticed Dowan
  4392 | D:4      | Killed Dowan
  4394 | D:4      | Killed Duvessa
  4394 | D:4      | Gained mutation: You have sharp fingernails. [demonic
                  | ancestry]
  4394 | D:4      | Reached XP level 7. HP: 38/54 MP: 7/7
  4644 | D:4      | Reached skill level 5 in Axes
  4689 | D:4      | Found Newk's Distillery.
  4697 | D:4      | Bought a potion of heal wounds for 70 gold pieces
  4697 | D:4      | Bought a potion of curing for 42 gold pieces
  4697 | D:4      | Bought a potion of curing for 42 gold pieces
  4727 | D:4      | Noticed Grinder
  4770 | D:4      | Killed Grinder
  5023 | D:4      | Found a sacrificial altar of Ru.
  5298 | D:4      | Reached **** piety under Trog
  5298 | D:4      | Gained mutation: You have very sharp fingernails. [demonic
                  | ancestry]
  5298 | D:4      | Reached XP level 8. HP: 13/61 MP: 8/8
  5610 | D:4      | Reached skill level 6 in Axes
  5840 | D:4      | Found a runed translucent door.
  5841 | D:4      | Noticed Crazy Yiuf
  5849 | D:4      | Killed Crazy Yiuf
  6013 | D:4      | Found a blossoming altar of Fedhas.
  6013 | D:4      | Noticed Blork the orc
  6035 | D:4      | Killed Blork the orc
  6161 | D:5      | Entered Level 5 of the Dungeon
  6351 | D:5      | Found an opulent altar of Gozag.
  6396 | D:5      | Found a hazy altar of Hepliaklqana.
  6463 | D:5      | Found a shattered altar of Ashenzari.
  6540 | D:5      | Found a staircase to the Ecumenical Temple.
  7061 | D:6      | Reached skill level 5 in Fighting
  7385 | D:6      | Reached skill level 5 in Dodging
  7618 | D:6      | Noticed Sigmund
  7646 | D:6      | Killed Sigmund
  7788 | D:6      | Noticed Edmund
  7792 | D:6      | Killed Edmund
  7792 | D:6      | Reached skill level 7 in Axes
  7792 | D:6      | Gained mutation: You are immune to rotting. [demonic
                  | ancestry]
  7792 | D:6      | Reached XP level 9. HP: 68/68 MP: 9/9
  7975 | D:6      | Found a shimmering altar of Xom.
  7977 | D:6      | Found an ancient bone altar of Kikubaaqudgha.
  7977 | D:6      | Found a shimmering altar of Xom.
  7979 | D:6      | Found a glowing silver altar of Zin.
  7979 | D:6      | Found an ancient bone altar of Kikubaaqudgha.
  7979 | D:6      | Found a shattered altar of Ashenzari.
  8160 | D:7      | Found Peamiath's Antique Weapon Shop.
  8269 | D:7      | Reached skill level 5 in Shields
  8467 | D:7      | Noticed Pikel
  8500 | D:6      | HP: 2/68 [killer bee (8)]
  8751 | D:7      | Killed Pikel
  9038 | D:7      | Reached skill level 8 in Axes
  9194 | D:7      | Found a shadowy altar of Dithmenos.
  9261 | D:7      | Noticed Maggie
  9294 | D:7      | Killed Maggie
  9695 | D:8      | Reached ***** piety under Trog
  9707 | D:8      | Gained mutation: You may emit foul miasma when damaged in
                  | melee. [demonic ancestry]
  9707 | D:8      | Reached XP level 10. HP: 76/76 MP: 10/10
 10530 | D:9      | Reached skill level 9 in Axes
 10701 | D:9      | Noticed a cyclops
 10702 | D:9      | Noticed a manticore
 10717 | D:9      | Killed a cyclops
 10981 | D:9      | Killed a manticore
 11095 | D:9      | Identified a scroll of acquirement
 11096 | D:9      | Acquired a manual of Dodging
 11106 | D:9      | Found a staircase to the Orcish Mines.
 11346 | D:9      | Noticed a two-headed ogre
 11354 | D:9      | Killed a two-headed ogre
 11491 | D:9      | Reached XP level 11. HP: 69/84 MP: 11/11
 11494 | D:9      | Found a staircase to the Lair.
 11593 | D:9      | Reached skill level 10 in Axes
 11600 | D:9      | Noticed a two-headed ogre
 11610 | D:9      | Killed a two-headed ogre
 11780 | D:9      | Noticed a necromancer
 11787 | D:9      | Killed a necromancer
 12047 | D:10     | Entered Level 10 of the Dungeon
 12604 | D:10     | Noticed Erica
 12630 | D:10     | Killed Erica
 12861 | D:11     | Noticed a two-headed ogre
 12871 | D:11     | Noticed a red ugly thing
 12876 | D:11     | Killed a two-headed ogre
 12887 | D:11     | Killed a red ugly thing
 13115 | D:11     | Reached ****** piety under Trog
 13205 | D:11     | Reached skill level 11 in Axes
 13756 | D:11     | Noticed a brown ugly thing
 13769 | D:11     | Killed a brown ugly thing
 14252 | D:12     | Reached skill level 1 in Throwing
 14252 | D:12     | Gained mutation: You are mostly covered in thin metallic
                  | scales. (AC +3) [demonic ancestry]
 14252 | D:12     | Reached XP level 12. HP: 88/94 MP: 12/12
 14486 | D:12     | Reached skill level 12 in Axes
 15068 | D:13     | Received a gift from Trog
 15076 | D:13     | Found a gate to the Vaults.
 15199 | D:13     | Found a blossoming altar of Fedhas.
 15791 | D:14     | Reached skill level 5 in Armour
 15796 | D:14     | HP: 3/144 [red ugly thing (22)]
 15806 | D:14     | Reached skill level 10 in Dodging
 15871 | D:14     | Noticed a two-headed ogre
 15880 | D:14     | Killed a two-headed ogre
 16118 | D:14     | Noticed an ogre mage
 16125 | D:14     | Gained mutation: You frequently emit foul miasma when
                  | damaged in melee. [demonic ancestry]
 16125 | D:14     | Reached XP level 13. HP: 101/101 MP: 4/13
 16137 | D:14     | Reached skill level 13 in Axes
 16161 | D:14     | Noticed a fire giant
 16161 | D:14     | Noticed an ettin
 16170 | D:14     | Killed an ettin
 16175 | D:14     | Killed a fire giant
 16179 | D:14     | Reached skill level 1 in Evocations
 16347 | D:14     | Got a polished hat
 16425 | D:14     | Noticed Josephine
 16438 | D:14     | Killed Josephine
 16708 | D:14     | Found Fakhang's Food Shoppe.
 16728 | D:14     | Noticed Kirke
 16739 | D:14     | Killed Kirke
 16739 | D:14     | Received a gift from Trog
 16739 | D:14     | Reached skill level 10 in Fighting
 16835 | D:14     | You fall into a shaft and drop 1 floor!
 16835 | D:15     | Entered Level 15 of the Dungeon
 16990 | D:15     | Found Usammer's Weapon Emporium.
 17015 | D:15     | HP: 2/103 [skeletal warrior/+0 glaive (11)]
 17019 | D:15     | Found a staircase to the Depths.
 17019 | D:15     | Noticed a dire elephant
 17019 | D:15     | Noticed an emperor scorpion
 17022 | D:15     | Killed a dire elephant
 17026 | D:15     | Killed an emperor scorpion
 17026 | D:15     | Reached skill level 14 in Axes
 17198 | D:15     | Found Apnazueh's Book Shop.
 17690 | D:15     | Reached XP level 14. HP: 106/111 MP: 5/15
 18407 | Lair:1   | Entered Level 1 of the Lair of Beasts
 18413 | Lair:1   | Acquired a manual of Fighting
 18671 | Lair:1   | Noticed Harold
 18680 | Lair:1   | Killed Harold
 18983 | Lair:1   | Got a scorched lajatang
 19308 | Lair:2   | Received a gift from Trog
 19325 | Lair:2   | Identified the +4 lajatang of the Muttering Viper {vorpal,
                  | Int+4} (You found it on level 1 of the Lair of Beasts)
 19344 | Lair:2   | Identified the +2 hat of Winter {*Corrode rPois rC+} (You
                  | found it on level 14 of the Dungeon)
 19596 | Lair:2   | Found a staircase to the Shoals.
 19747 | Lair:2   | Reached skill level 10 in Shields
 21354 | Lair:4   | Found a staircase to the Snake Pit.
 21657 | Lair:4   | Reached skill level 15 in Axes
 23097 | Lair:6   | Entered Level 6 of the Lair of Beasts
 23246 | Lair:6   | Received a gift from Trog
 23540 | Lair:6   | Reached XP level 15. HP: 122/122 MP: 5/16
 23856 | Lair:6   | Found a staircase to the Slime Pits.
 24162 | Lair:6   | Received a gift from Trog
 24424 | Lair:6   | Got a fine troll leather armour
 24435 | Lair:6   | Identified the +3 troll leather armour of Joy {Regen+
                  | Dex+3} (You found it on level 6 of the Lair of Beasts)
 24586 | Snake:1  | Entered Level 1 of the Snake Pit
 24620 | Snake:1  | HP: 9/184 [naga warrior/+0 flail (6)]
 24624 | Snake:1  | Reached skill level 16 in Axes
 24991 | Snake:1  | Found Matake Diut's Gadget Emporium.
 25007 | Snake:1  | Found Vodorr's Food Shoppe.
 25009 | Snake:1  | Found Arausor's Antique Armour Emporium.
 25123 | Snake:1  | Noticed Rupert
 25142 | Snake:1  | Killed Rupert
 25399 | Snake:1  | Received a gift from Trog
 25415 | Snake:1  | Got a masterwork quick blade {god gift}
 25445 | Snake:1  | Identified the +7 quick blade of Infinity {vorpal, Str+4}
                  | (Trog gifted it to you on level 1 of the Snake Pit)
 25843 | Snake:2  | Identified the +2 rapier of Dooj {freeze, *Slow Dex+5}
 25843 | Snake:2  | Noticed DildoBatman's ghost (adept FoWz)
 25891 | Snake:2  | Identified the cursed +1 long sword "Kouzo" {distort,
                  | Int+3}
 25895 | Snake:2  | Found a bloodstained altar of Trog.
 25909 | Snake:2  | Found a transporter.
 25911 | Snake:2  | Found a transporter.
 25949 | Snake:2  | Cast into level 2 of the Abyss (naga warrior)
 25949 | Abyss:2  | Found a corrupted altar of Lugonu.
 25950 | Abyss:2  | Noticed a tentacled starspawn
 25950 | Abyss:2  | Noticed a tentacled monstrosity
 25950 | Abyss:2  | Noticed a tentacled monstrosity
 25950 | Abyss:2  | Noticed a tentacled starspawn
 25952 | Abyss:2  | Found a transporter.
 25953 | Abyss:2  | HP: 5/187 [deep troll (glowing shapeshifter) (10)]
 25956 | Abyss:2  | Found a transporter.
 25961 | Abyss:2  | HP: 3/100 [tentacled monstrosity (5)]
 25979 | Abyss:2  | Slain by a tentacled monstrosity

Illustrated notes

Levels and vault maps discovered:
D:1:      lemuel_arrival_tunnels, layout_basic, minivault_26
D:2:      layout_loops_ring, kennysheep_generic_room_14
D:3:      layout_basic, nicolae_overflow_crystal_walls,
          hangedman_decor_peaks_small
D:4:      layout_gridville, lemuel_coloured_pillars_altar,
          kennysheep_little_box, serial_shops, nicolae_shop_stone, uniq_duvessa,
          uniq_grinder, uniq_blork_the_orc, uniq_crazy_yiuf_cottage
D:5:      layout_basic, kennysheep_mini, lemuel_doored_altar,
          nicolae_gozag_seed_capital, minmay_temple_entry_statues_fountains,
          first_ration
D:6:      layout_basic, doesnt_xom_only_xom, uniq_sigmund, uniq_edmund
D:7:      layout_gridville, lemuel_round_altar, serial_shops, shop, hex_large,
          minmay_misc_feat_plants, uniq_pikel, uniq_maggie
D:8:      layout_loops_ring, grunt_ogre_cave
D:9:      minmay_chambers_of_sixes, layout_stronghold, minmay_lair_entry_grove,
          orc_0_dummy, eino_house_with_fridge
D:10:     layout_loops_ring, uniq_erica
D:11:     layout_gridville, wad_floor_pattern_untrapped
D:12:     layout_cave_pools
D:13:     layout_basic, david_vaults_2, fedhas_altar_1
D:14:     minmay_outward_triangles, layout_irregular_city, serial_shops,
          shop_statue, serial_column_ruins, column_ruins_square_medium,
          column_ruins_grid_3, column_ruins_open_small,
          column_ruins_columns_straight, column_ruins_grid_1,
          column_ruins_open_small, hangedman_abyss_or_decor_lesser_grid,
          uniq_kirke, uniq_josephine
D:15:     hangedman_depths_entry_try_elsewhere_first, layout_loops_corners,
          serial_shops, shop, shop
Lair:1:   layout_misc_corridors, grunt_megastairs_2, minmay_lair_oklob_chamber,
          uniq_harold
Lair:2:   layout_chaotic_city, minmay_shoals_entry_hut
Lair:3:   layout_layer_cave, serial_bayou_lagoon_a
Lair:4:   layout_regular_city, minmay_snake_entry_guardpost_small,
          chequers_serial_rivers_micro_a
Lair:5:   layout_gridlike
Lair:6:   minmay_lair_end_enchanted_forest, layout_concentric_octagons,
          slime_dummy, serial_bayou_shore_a
Snake:1:  layout_misc_corridors, minmay_shop_star, uniq_rupert
Snake:2:  layout_onion_interference, gammafunk_ghost_wrathful_warriors,
          grunt_megastairs_4, minmay_shop_grove
Abyss:2:  base: D:10, gammafunk_corrupted_shrine

Skill      XL: |  1  2  3  4  5  6  7  8  9 10 11 12 13 14 15 |
---------------+----------------------------------------------+-----
Axes           | 3 4 5 7 8 9 11 12 14 15 16 | 16.5
Dodging        | 2 3 4 5 6 7 9 10 11 12 | 12.7
Shields        | 1 2 3 4 6 7 8 9 10 | 10.7
Stealth        | 1 2 3 |  3.6
Fighting       | 4 5 6 7 8 9 10 12 13 | 13.9
Armour         | 2 3 4 5 6 |  6.2
Throwing       | 1 2 |  2.9
Evocations     | 1 |  1.6

Action                   |  1- 3 |  4- 6 |  7- 9 | 10-12 | 13-15 || total
-------------------------+-------+-------+-------+-------+-------++-------
Melee: Hand axe          |    94 |   330 |   316 |       |       ||   740
       War axe           |       |       |   167 |   640 |       ||   807
       Broad axe         |       |       |       |   116 |   986 ||  1102
Throw: Boomerang         |       |       |    10 |    20 |    61 ||    91
Invok: Berserk           |     3 |     3 |    12 |    11 |    11 ||    40
       Trog's Hand       |       |       |       |     2 |     5 ||     7
       Brothers in Arms  |       |       |       |       |     3 ||     3
Evoke: Wand              |       |       |     6 |     4 |    18 ||    28
  Use: Scroll            |       |     5 |    11 |    17 |    17 ||    50
       Potion            |       |       |     4 |     2 |     2 ||     8
 Stab: Sleeping          |       |     3 |     4 |     1 |     6 ||    14
       Petrified         |       |       |       |       |     2 ||     2
       Confused          |       |       |       |       |     1 ||     1
  Eat: Chunk             |     4 |    12 |    22 |    28 |    33 ||    99
       Ration            |       |       |     2 |     2 |     3 ||     7
Armor: Animal skin       |    28 |    97 |   115 |       |       ||   240
       Acid dragon scale |       |       |    14 |   344 |   335 ||   693
Dodge: Dodged            |    59 |   157 |   274 |   478 |   594 ||  1562
Block: Kite shield       |    33 |   150 |   288 |   522 |   590 ||  1583
